 Dungeon Crawl Stone Soup version 0.29.1-1-gd02db6906a (webtiles) character file.

Game seed: 12631292656500400822

151 byup the Poker (level 5, -3/53 HPs)
             Began as a Troll Berserker on Oct 13, 2022.
             Was a Priest of Trog.
             Slain by an orc wizard
             ... wielding a +0 dagger
              (4 damage)
             ... on level 3 of the Dungeon.
             The game lasted 00:09:53 (1999 turns).

byup the Poker (Troll Berserker)                    Turns: 1999, Time: 00:09:54

Health: -3/53      AC:  4    Str: 27    XL:     5   Next: 10%
Magic:  4/4        EV: 14    Int:  3    God:    Trog [***...]
Gold:   79         SH:  0    Dex:  9    Spells: 4/4 levels left

rFire   . . .      SeeInvis .   a - +0 spear
rCold   . . .      Faith    .   (no shield)
rNeg    . . .      Spirit   .   b - +0 animal skin
rPois   .          Reflect  .   (helmet restricted)
rElec   .          Harm     .   (no cloak)
rCorr   .          Rampage  .   (gloves unavailable)
Will    .....                   (boots unavailable)
Stlth   +.........              (no amulet)
HPRegen 0.97/turn               c - +4 ring of evasion
MPRegen 0.09/turn               (no ring)

@: lethally poisoned (-3 -> -4)
A: large, unfitting armour, claws 3, regeneration 1, shaggy fur 1, tough skin 1
a: Renounce Religion, Berserk, Trog's Hand


You were on level 3 of the Dungeon.
You worshipped Trog.
Trog was most pleased with you.
You visited 1 branch of the dungeon, and saw 3 of its levels.

You collected 79 gold pieces.

Inventory:

Hand Weapons
 a - a +0 spear (weapon)
Missiles
 d - 14 stones
 i - 4 poisoned darts (quivered)
Armour
 b - a +0 animal skin (worn)
Jewellery
 c - a +4 ring of evasion (left claw)
Scrolls
 e - a scroll of noise {unknown}
 f - 2 scrolls of identify {unknown}
 j - a scroll of torment {unknown}
 l - a scroll of teleportation {unknown}
 m - a scroll of fear {unknown}
Potions
 g - a potion of berserk rage {unknown}
 h - 2 potions of degeneration {unknown}
 k - 2 potions of curing {unknown}
 n - a potion of flight {unknown}


   Skills:
 + Level 3.0 Fighting
 + Level 3.9 Polearms
 + Level 3.2 Dodging


You had 4 spell levels left.
You didn't know any spells.
Your spell library was empty.

Dungeon Overview and Level Annotations

Branches:
Dungeon (3/15)

Altars:


Innate Abilities, Weirdness & Mutations

You are too large for most types of armour.
You have claws for hands.
Your natural rate of healing is unusually fast.
You are covered in fur. (AC +1)
You have tough skin. (AC +1)


Message History

You miss the adder.
The adder is severely wounded.
You feel less confused.
You feel sick.
An orc wizard appears from thin air!
Reactivating autopickup.
The adder misses you.
The orc wizard casts a spell.
The orc wizard flickers and vanishes!
Deactivating autopickup; reactivate with Ctrl-A.
You hear some strange, mumbled words.
A puff of flame appears from out of thin air!
The puff of flame hits you.
* * * LOW HITPOINT WARNING * * *
You barely miss something.
You feel sick. The adder bites you.
* * * LOW HITPOINT WARNING * * *
You are more poisoned.
The adder poisons you!
Something hits you but does no damage. x2
The adder bites you.
* * * LOW HITPOINT WARNING * * *
You miss something.
You feel sick.
You hear some strange, mumbled words.
Something tries to affect you, but you resist.
Something completely misses you. The adder barely misses you.
You hit something.
You feel sick. Something hits you.
* * * LOW HITPOINT WARNING * * *
The adder completely misses you. Something hits you but does no damage.
You hit the adder.
You kill the adder!
Trog accepts your kill.
You feel sick. Something hits you.
* * * LOW HITPOINT WARNING * * *
Something hits you but does no damage. Something hits you.
* * * LOW HITPOINT WARNING * * *
You feel sick. Something hits you.
* * * LOW HITPOINT WARNING * * *
* * * LOW HITPOINT WARNING * * *
You feel sick. Something hits you.
You die...

#### . ....
... ... ....
###...
....######(..
...!........
#......[#.#
+..{..$.#@#
#.......#{###
#.....o.#{..#
#.......#o###
+.......o.#
#.......###
####'####
#.## #..###


You could see 2 orcs.

Vanquished Creatures
  An iguana (D:3)
  3 gnolls (D:2)
  4 adders
  A worm (D:2)
  A dart slug (D:2)
  4 ball pythons
  3 bats
  6 endoplasms
  3 giant cockroaches
  A goblin (D:1)
  4 hobgoblins
  8 jackals (D:1)
  3 kobolds (D:2)
  2 quokkas
  3 frilled lizards
  8 rats
55 creatures vanquished.

Vanquished Creatures (others)
  5 plants (D:2)
5 creatures vanquished.

Grand Total: 60 creatures vanquished

Notes
Turn   | Place    | Note
-------+----------+-------------------------------------------
     0 | D:1      | byup the Troll Berserker began the quest for the Orb.
     0 | D:1      | Reached XP level 1. HP: 22/22 MP: 0/0
   199 | D:1      | Reached XP level 2. HP: 29/29 MP: 1/1
   730 | D:1      | Reached ** piety under Trog
   804 | D:1      | Reached XP level 3. HP: 36/36 MP: 2/2
  1068 | D:2      | Found a faded altar of an unknown god.
  1199 | D:2      | Reached XP level 4. HP: 42/44 MP: 3/3
  1911 | D:3      | Reached XP level 5. HP: 49/52 MP: 4/4
  1996 | D:3      | Reached *** piety under Trog
  1997 | D:3      | HP: 2/53 [something (1)]
  1999 | D:3      | Slain by an orc wizard

Illustrated notes

Levels and vault maps discovered:
D:1:      lightli_arrival_windingriver, layout_basic
D:2:      layout_loops_ring, shapermc_ecumenical_altar_starsandcircs,
          grunt_ministairs_1, nicolae_grassy_gnolls
D:3:      layout_basic, old_standard_altar, uniq_robin

Skill      XL: |  1  2  3  4  5 |
---------------+----------------+-----
Polearms       | 3 |  3.9
Dodging        | 3 |  3.2
Fighting       | 3 |  3.0

Action                   |  1- 3 |  4- 6 || total
-------------------------+-------+-------++-------
Melee: Spear             |   109 |    93 ||   202
       Punch             |     2 |     1 ||     3
Throw: Dart              |     1 |     3 ||     4
Armor: Animal skin       |    36 |    34 ||    70
Dodge: Dodged            |    69 |    84 ||   153
